 Dungeon Crawl Stone Soup version 1.1-19-g1d19712 (webtiles) character file.

396113 DrAc the Acrobat (level 22, -13/211 HPs)
             Began as a Yellow Draconian Archaeologist on June 18, 2018.
             Was the Champion of Okawaru.
             Mangled by a white very ugly thing (24 damage)
             ... on level 4 of the Depths on June 19, 2018.
             The game lasted 03:39:18 (53837 turns).

DrAc the Acrobat (Yellow Draconian Archaeologist)  Turns: 53837, Time: 03:39:18

Health: -13/211    AC: 19    Str: 19    XL:     22   Next: 19%
Magic:  28/28      EV: 31    Int: 15    God:    Okawaru [******]
Gold:   1638       SH:  0    Dex: 20    Spells: 18/27 levels left

rFire    + . .     SeeInvis .   a - +5 scythe "Finisher" {speed, Str+3}
rCold    + . .     Gourm    .   (shield currently unavailable)
rNeg     . . .     Faith    +   (armour unavailable)
rPois    .         Spirit   .   e - +2 hat {MR+}
rElec    +         Reflect  .   r - scarf {rC+ rF+}
rCorr    +         Harm     .   n - +2 pair of gloves {Dex+3}
MR       ++...                  K - +2 pair of boots {run}
Stlth    +++.......             d - amulet of faith
HPRegen  0.45/turn              G - ring of insulation
MPRegen  0.21/turn              V - +4 ring of slaying

@: about to teleport, studying Throwing, quick
A: spit acid, acid resistance, unfitting armour, acidic bite, cold-blooded, AC
+11
}: 2/15 runes: serpentine, barnacled
a: Breathe Acid, Heroism, Finesse, Renounce Religion


You were on level 4 of the Depths.
You worshipped Okawaru.
Okawaru was exalted by your worship.
You were not hungry.

You visited 7 branches of the dungeon, and saw 34 of its levels.
You also visited: Labyrinth and Ice Cave.

You collected 3622 gold pieces.
You spent 1984 gold pieces at shops.

Inventory:

Hand Weapons
 a - the +5 scythe "Finisher" (weapon) {speed, Str+3} Attacks with this weapon are significantly faster. It affects your strength (+3).
Missiles
 u - 2167 javelins (quivered)
 C - 6 throwing nets
Armour
 e - a +2 hat of magic resistance (worn)
 m - the +1 pair of boots "Nemiup" {rF+ rN+++ Dex-4 Stlth+}
   (You found it on level 3 of the Shoals)

   It affects your dexterity (-4).
   It protects you from fire.
   It renders you almost immune to negative energy.
   It makes you more stealthy.
 n - a +2 pair of gloves of dexterity (worn)
 o - a +2 cloak of invisibility
 r - a scarf of resistance (worn)
 K - a +2 pair of boots of running (worn)
 N - the +3 pair of gloves of Lulavuh {-Tele *Contam rPois MR+++}
   (Okawaru gifted it to you on level 4 of the Depths)

   It protects you from poison.
   It affects your resistance to hostile enchantments.
   It prevents most forms of teleportation.
   It causes magical contamination when unequipped.
 T - a scarf of repulsion
 Z - a +2 hat of see invisible
Jewellery
 d - an amulet of faith (around neck)
 j - a +3 ring of protection
 v - an uncursed ring of ice
 G - a ring of insulation (left hand)
 V - a +4 ring of slaying (right hand)
 Y - a +6 ring of evasion
Wands
 c - a wand of scattershot (3)
 g - a wand of polymorph (55)
 l - a wand of iceblast (4)
 w - a wand of acid (6)
 F - a wand of paralysis (29)
 M - a wand of digging (34)
 R - a wand of flame (30)
 X - a wand of enslavement (23)
Scrolls
 b - a scroll of vulnerability
 k - 5 scrolls of immolation
 p - 7 scrolls of teleportation
 A - 3 scrolls of identify
 H - 4 scrolls of magic mapping
 I - 10 scrolls of fog
 L - 10 scrolls of remove curse
 P - a scroll of silence
 Q - a scroll of blinking
 S - a scroll of summoning
 W - a scroll of fear
Potions
 i - 9 potions of curing
 s - 4 potions of haste
 y - 2 potions of berserk rage
 z - a potion of resistance
 B - 2 potions of cancellation
 D - 6 potions of magic
 E - 3 potions of flight
 J - 4 potions of heal wounds
 O - 2 potions of might
 U - 5 potions of mutation
Books
 h - a manual of Throwing
Miscellaneous
 q - 2 phantom mirrors
 t - a lamp of fire
Comestibles
 f - 35 rations


   Skills:
 + Level 20.7 Fighting
 - Level 21.0 Polearms
 + Level 21.3 Dodging
 - Level 2.6 Stealth
 - Level 3.0 Spellcasting
 - Level 4.0 Hexes
 - Level 4.0 Charms
 - Level 4.0 Necromancy
 - Level 8.0 Invocations
 - Level 5.1 Evocations


You had 18 spell levels left.
You knew the following spells:

 Your Spells              Type           Power        Failure   Level  Hunger
a - Animate Skeleton      Necr           N/A          3%          1    #......
b - Confusing Touch       Hex            ##....       3%          1    #......
c - Apportation           Tloc           #.....       21%         1    #......
d - Regeneration          Chrm/Necr      ##........   12%         3    ###....
e - Spectral Weapon       Hex/Chrm       ##......     12%         3    ###....

Your spell library contained the following spells:

 Spells                   Type           Power        Failure   Level  Hunger
 Fireball                 Conj/Fire      #.........   99%         5    ######.
 Conjure Flame            Conj/Fire      #.......     52%         3    ###....
 Bolt of Magma            Conj/Fire/Erth #.........   99%         5    ######.
 Confuse                  Hex            ##......     12%         3    ###....
 Throw Flame              Conj/Fire      #.....       30%         2    ##.....
 Mephitic Cloud           Conj/Pois/Air  #.......     52%         3    ###....
 Venom Bolt               Conj/Pois      #.........   99%         5    ######.
 Olgreb's Toxic Radiance  Pois           #.......     89%         4    #####..
 Summon Small Mammal      Summ           #...         21%         1    #......
 Bolt of Draining         Conj/Necr      #.........   94%         5    ######.
 Animate Dead             Necr           N/A          36%         4    #####..
 Pain                     Necr           ##..         3%          1    #......
 Vampiric Draining        Necr           ##........   12%         3    ###....
 Sticky Flame             Conj/Fire      #.......     89%         4    #####..
 Sting                    Conj/Pois      #...         21%         1    #......
 Tukima's Dance           Hex            ##......     12%         3    ###....
 Summon Demon             Summ           #.........   99%         5    ######.
 Iron Shot                Conj/Erth      #.........   100%        6    #######
 Shock                    Conj/Air       #...         21%         1    #......
 Recall                   Summ/Tloc      N/A          52%         3    ###....
 Statue Form              Tmut/Erth      #........    100%        6    #######
 Dragon Form              Tmut           #.........   100%        7    #######
 Shadow Creatures         Summ           N/A          100%        6    #######
 Flame Tongue             Conj/Fire      #....        21%         1    #......
 Call Canine Familiar     Summ           #.......     52%         3    ###....
 Ensorcelled Hibernation  Hex/Ice        #.....       13%         2    ##.....
 Corona                   Hex            ##.....      3%          1    #......
 Shroud of Golubria       Chrm/Tloc      #.........   13%         2    ##.....
 Inner Flame              Hex/Fire       #.......     26%         3    ###....
 Aura of Abjuration       Summ           #.........   99%         5    ######.
 Dazzling Spray           Conj/Hex       #.....       26%         3    ###....
 Infusion                 Chrm           ##..         3%          1    #......
 Song of Slaying          Chrm           ##......     6%          2    ##.....
 Summon Forest            Summ/Tloc      #.........   99%         5    ######.
 Dragon's Call            Summ           #.........   100%        9    #######
 Summon Mana Viper        Hex/Summ       #.......     94%         5    ######.
 Hydra Form               Tmut           #.........   100%        6    #######
 Irradiate                Conj/Tmut      #.........   99%         5    ######.
 Poisonous Vapours        Pois/Air       #.....       30%         2    ##.....


Dungeon Overview and Level Annotations

Branches:
Dungeon (12/12)            Temple (0/1) D:4            Lair (6/6) D:10
 Shoals (3/3) Lair:3        Snake (3/3) Lair:3        Slime (0/5) Lair:6
    Orc (2/2) D:10            Elf (0/3) Orc:2        Vaults (4/5) D:12
 Depths (4/5) D:12
  Crypt: Vaults:2-3

Altars:
Ashenzari
Cheibriados
Hepliaklqana
Jiyva
Lugonu
Nemelex Xobeh
Okawaru
Qazlal
Ru
Uskayaw
Wu Jian
Xom
Yredelemnul

Shops:
D:4 !   D:9 =   D:10 %   D:11 *   Orc:2 %%=*   Shoals:1 *   Snake:3 ??%?}
Vaults:2 (   Vaults:4 *

Portals:
Hell: Depths:3 Depths:4
Abyss: Depths:1 Depths:3 Depths:4
Pandemonium: Depths:1 Depths:3
Ziggurat: Depths:3

Annotations:
D:8 Gastronok
Lair:1 exclusion: hydra
Shoals:2 Louise
Vaults:3 Jory, Mennas, Sojobo
Depths:1 exclusion: hellion
Depths:3 Mara


Innate Abilities, Weirdness & Mutations

You can spit globs of acid.
You are resistant to acid.
Your golden yellow scales are hard. (AC +11)
You cannot fit into any form of body armour.
You have acidic saliva.
You are cold-blooded and may be slowed by cold attacks.


Message History

The tormentor calls on the powers of darkness!
The deep elf demonologist convulses!
The frost giant convulses!
The caustic shrike convulses!
The white very ugly thing convulses!
The iron dragon convulses!
The quicksilver dragon convulses!
The white ugly thing convulses!
The white very ugly thing convulses!
Your body is wracked with pain!
* * * LOW HITPOINT WARNING * * *
The white very ugly thing misses you.
Found 155 stones.
The tormentor calls on the powers of darkness!
The deep elf demonologist convulses!
The white very ugly thing convulses!
The white ugly thing convulses!
The white very ugly thing convulses! x2
The quicksilver dragon convulses!
Your body is wracked with pain!
* * * LOW HITPOINT WARNING * * *
The quicksilver dragon misses you. The quicksilver dragon claws you!
* * * LOW HITPOINT WARNING * * *
The white very ugly thing trunk-slaps you!
* * * LOW HITPOINT WARNING * * *
The white very ugly thing freezes you!! You resist.
You die...

.#.##..#.......#..##.#.#
#.## .#...)....C#..## #.
.## #.....$.2...#..## ##
.............#..###
...$.⌠.$..b{.#..}# ##
.......e...#..# .##
..$...D.#u.# #.##
.....1u#D.## #. .#.##
....u#@.## #.#. #.#.##
....#..## #.#.. .#.#.##
...#..## #.#... ..#.#.##
#.#..## #.#...# ...#.#.##
.#..##.#.#c..#
#...#.#.##...##.#.#...###
.....#.#.##(##.#.#.......
..#...#.#.#)#.#.#...#...
..##...#.#####.#...##


You could see a Hell Sentinel, an iron dragon, a frost giant, 2 very ugly
things, a quicksilver dragon, a deep elf demonologist and a tormentor.

Vanquished Creatures
  Vashnia (Snake:3)
  A golden dragon (Depths:4)
  A lich (Depths:4)
  A tentacled monstrosity (Depths:4)
  2 Ice Fiends (IceCv)
  A titan (Depths:4)
  Polyphemus (Shoals:3)
  3 acid blobs (Lair:6)
  A sphinx (Vaults:1)
  Kirke (Snake:2)
  2 storm dragons
  8 fire giants
  Donald (Vaults:3)
  13 nagarajas
  4 tengu reavers
  Ilsuiw (Shoals:2)
  A deep elf sorcerer (Depths:4)
  Aizul (Snake:1)
  6 frost giants
  12 ironheart preservers
  12 vault wardens
  15 very ugly things
  2 entropy weavers
  15 stone giants
  A vampire knight (Depths:1)
  A deep elf demonologist (Vaults:1)
  2 spark wasps (Depths:4)
  The ghost of Supreme the Nimble, a journeyman FrWz of Vehumet (Lair:6)
  A minotaur (Lab)
  4 deep elf annihilators
  8 merfolk javelineers
  3 ettins
  An ettin (shapeshifter) (D:10)
  10 merfolk impalers
  3 jiangshi
  5 ice dragons
  9 vault guards
  5 fire dragons
  4 great orbs of eyes
  13 yaktaur captains
  A rakshasa (Depths:3)
  9 naga warriors
  2 spriggan air magi (Depths:3)
  Erolcha (Orc:1)
  6 hydras
  9 anacondas
  A catoblepas (Shoals:2)
  6 centaur warriors
  2 alligator snapping turtles
  45 two-headed ogres
  6 deep troll shamans
  3 satyrs
  18 death yaks
  2 merfolk avatars (Shoals:3)
  7 merfolk aquamancers
  12 ogre magi
  9 deep troll earth magi
  A tengu warrior (Depths:4)
  3 spriggan berserkers
  A vampire mage (D:12)
  7 naga sharpshooters (Snake:3)
  3 shock serpents
  Nergalle (Lair:1)
  5 iron trolls
  3 unseen horrors
  3 deep elf knights
  7 salamander mystics
  4 skeletal warriors
  7 sea snakes
  2 wizards
  19 deep trolls
  A glowing orange brain (shapeshifter) (D:11)
  Pikel (D:4)
  5 deep elf archers
  9 harpies
  2 glowing orange brains
  11 ironbrand convokers
  8 naga ritualists
  2 necromancers
  6 orc knights
  An oklob plant (Depths:3)
  55 ugly things
  5 deep elf magi
  11 mana vipers
  3 orc sorcerers
  3 wolf spiders
  3 cyclopes
  12 manticores
  4 fauns (Shoals:1)
  13 salamanders
  5 elephants (Lair:6)
  3 centaur zombies
  8 vault sentinels
  15 naga magi
  14 merfolk sirens
  6 guardian serpents
  19 spiny frogs
  4 water nymphs
  23 black mambas
  2 ice statues (IceCv)
  A spiny frog (shapeshifter) (Depths:1)
  6 centaur skeletons
  3 rime drakes
  A kobold demonologist (D:10)
  3 efreet (D:12)
  3 freezing wraiths
  12 ice devils (IceCv)
  6 komodo dragons
  2 yaktaurs (shapeshifter)
  35 yaktaurs
  A red devil (Depths:1)
  A tengu conjurer (Depths:4)
  5 trolls
  23 merfolk
  A polar bear (Lair:5)
  A troll (shapeshifter) (Vaults:2)
  4 tyrant leeches (Lair:6)
  A wolf spider simulacrum (D:12)
  3 hornets
  Grinder (D:5)
  2 wind drakes
  22 blink frogs
  2 meliai zombies (D:12)
  A blink frog (shapeshifter) (Depths:4)
  9 hippogriffs
  A raiju (shapeshifter) (Vaults:1)
  5 snapping turtles
  3 dream sheep
  15 slime creatures
  6 redbacks
  A centaur simulacrum (D:12)
  A spriggan (Depths:3)
  22 yaks
  20 water elementals
  3 tarantellas (shapeshifter)
  A wraith (D:10)
  A human (shapeshifter) (Vaults:2)
  5 basilisks
  A hog (Snake:2)
  A hungry ghost (D:11)
  A fire elemental (Depths:1)
  A soldier ant (D:12)
  12 vampire mosquitoes
  2 acid dragons (Vaults:1)
  44 nagas
  12 water moccasins
  12 porcupines
  15 orc warriors
  A sky beast (D:6)
  2 phantoms
  3 ice beasts
  A slave (D:4)
  48 ogres
  An eye of draining (D:10)
  A necrophage (D:10)
  5 wolves (Lair:3)
  12 centaurs
  A boggart (Vaults:2)
  14 crocodiles
  2 big kobolds
  19 bullfrogs
  Blork the orc (D:5)
  A gnoll sergeant (D:7)
  4 scorpions
  4 killer bees (D:7)
  3 wights (D:11)
  2 electric eels
  A howler monkey (D:10)
  A bullfrog zombie (D:5)
  9 crimson imps
  6 hounds
  2 quasits
  3 lava snakes (D:9)
  A bullfrog skeleton (D:6)
  9 jellies
  15 orc wizards
  10 orc priests
  7 iguanas
  Natasha (twice) (D:2 D:1)
  6 worker ants
  A hound skeleton (D:4)
  A worker ant zombie (D:9)
  15 adders
  14 gnolls
  A shadow imp (D:7)
  7 white imps
  8 ufetubi (IceCv)
  5 oozes (D:8)
  An adder skeleton (D:8)
  4 worms
  2 dart slugs
  6 leopard geckos
  75 orcs
  2 ball pythons (D:5)
  7 giant cockroaches
  8 hobgoblins
  A jackal (shapeshifter) (D:11)
  11 jackals
  8 quokkas
  9 bats
  8 frilled lizards
  10 goblins
  19 kobolds
  A leopard gecko skeleton (D:7)
  A quokka skeleton (D:4)
  5 rats
  A spectral orc (D:4)
1398 creatures vanquished.

Vanquished Creatures (others)
  A deep elf mage (Vaults:1)
  A yaktaur (Vaults:3)
  A human (Snake:2)
  3 white imps (IceCv)
  2 ufetubi (IceCv)
  14 fungi
  49 plants
  2 spectral weapons (Depths:4)
73 creatures vanquished.

Grand Total: 1471 creatures vanquished

Notes
Turn   | Place    | Note
-------+----------+-------------------------------------------
     0 | D:1      | DrAc the Draconian Archaeologist began the quest for the Orb.
     0 | D:1      | Reached XP level 1. HP: 16/16 MP: 1/1
   387 | D:1      | Reached XP level 2. HP: 23/23 MP: 2/2
   795 | D:2      | Found a stormy altar of Qazlal.
  1000 | D:2      | Reached XP level 3. HP: 29/29 MP: 3/3
  1040 | D:2      | Found an iron altar of Okawaru.
  1060 | D:2      | Became a worshipper of Warmaster Okawaru
  1077 | D:2      | Found a shimmering altar of Xom.
  1171 | D:2      | Found a sacrificial altar of Ru.
  1222 | D:2      | Reached skill level 1 in Polearms
  1658 | D:2      | Noticed Natasha
  1664 | D:2      | Killed Natasha
  1664 | D:2      | Reached XP level 4. HP: 37/37 MP: 4/4
  1704 | D:2      | Noticed Natasha
  1730 | D:1      | Killed Natasha
  2196 | D:3      | Reached XP level 5. HP: 45/45 MP: 5/5
  2462 | D:3      | Reached skill level 5 in Polearms
  2666 | D:4      | Reached XP level 6. HP: 43/52 MP: 6/6
  2756 | D:4      | Reached * piety under Okawaru
  3010 | D:4      | Found Xunt's Distillery.
  3022 | D:4      | Bought a potion of curing for 39 gold pieces
  3073 | D:4      | Found a hazy altar of Hepliaklqana.
  3181 | D:4      | Found a staircase to the Ecumenical Temple.
  3517 | D:4      | Found a basalt altar of Yredelemnul.
  3634 | D:4      | Your scales start taking on a golden yellow colour.
  3634 | D:4      | Reached XP level 7. HP: 59/59 MP: 7/7
  3679 | D:4      | Noticed Pikel
  3708 | D:4      | Killed Pikel
  3708 | D:4      | Reached ** piety under Okawaru
  3708 | D:4      | Reached XP level 8. HP: 20/66 MP: 4/8
  4151 | D:4      | Reached skill level 5 in Dodging
  4316 | D:5      | Entered Level 5 of the Dungeon
  4472 | D:5      | Noticed Grinder
  4473 | D:5      | Paralysed by Grinder for 2 turns
  4481 | D:5      | Killed Grinder
  4797 | D:5      | Found a shattered altar of Ashenzari.
  4879 | D:5      | Noticed Blork the orc
  4932 | D:5      | Killed Blork the orc
  5686 | D:6      | Found a sparkling altar of Nemelex Xobeh.
  5716 | D:6      | Reached skill level 10 in Polearms
  5876 | D:6      | Found an ornate altar of the Wu Jian Council.
  5965 | D:6      | Found a corrupted altar of Lugonu.
  6561 | D:7      | Found a hide-covered altar of Uskayaw.
  6686 | D:7      | Found a viscous altar of Jiyva.
  6806 | D:7      | Reached XP level 9. HP: 50/72 MP: 9/9
  6932 | D:7      | Reached *** piety under Okawaru
  6960 | D:7      | Reached skill level 5 in Fighting
  7715 | D:8      | Noticed Gastronok
  7776 | D:8      | Reached **** piety under Okawaru
  7965 | D:8      | Noticed a white ugly thing
  7991 | D:8      | Killed a white ugly thing
  8316 | D:8      | Reached ***** piety under Okawaru
  8316 | D:8      | Reached XP level 10. HP: 78/83 MP: 10/10
  8663 | D:8      | Reached skill level 1 in Invocations
  8834 | D:9      | Reached skill level 1 in Evocations
  9020 | D:9      | Received a gift from Okawaru
  9119 | D:9      | Found a snail-covered altar of Cheibriados.
  9674 | D:9      | Found Dihete Mecue's Jewellery Boutique.
  9747 | D:9      | Learned a level 1 spell: Animate Skeleton
  9749 | D:9      | Learned a level 1 spell: Confusing Touch
  9780 | D:10     | Entered Level 10 of the Dungeon
  9780 | D:10     | Found a staircase to the Orcish Mines.
  9810 | D:10     | Noticed an orc sorcerer
  9820 | D:10     | Killed an orc sorcerer
  9830 | D:10     | Noticed a deep elf mage
  9961 | D:10     | Noticed a death yak
  9962 | D:10     | Found a staircase to the Lair.
  9964 | D:10     | Noticed a death yak
  9964 | D:10     | Noticed a death yak
 10009 | D:10     | Killed a death yak
 10009 | D:10     | Reached XP level 11. HP: 63/92 MP: 13/13
 10344 | D:10     | Killed a death yak
 10355 | D:10     | Killed a death yak
 10711 | Lair:1   | Entered Level 1 of the Lair of Beasts
 11521 | Lair:1   | Noticed Nergalle
 11560 | Lair:1   | Noticed an eight-headed hydra
 12191 | Lair:2   | Reached skill level 5 in Invocations
 12278 | Lair:2   | Noticed a six-headed hydra
 12553 | Lair:2   | Killed a six-headed hydra
 12553 | Lair:2   | Reached skill level 5 in Evocations
 13168 | Lair:3   | Found a staircase to the Snake Pit.
 13266 | Lair:3   | Received a gift from Okawaru
 13409 | Lair:3   | Found a staircase to the Shoals.
 13439 | Lair:3   | Reached XP level 12. HP: 81/101 MP: 16/16
 14093 | Lair:4   | Found a labyrinth entrance.
 14103 | Lab      | Entered a labyrinth
 14600 | Lab      | Found an exit through the horrors of the Abyss.
 14689 | Lab      | Noticed a minotaur
 14701 | Lab      | Killed a minotaur
 15526 | Lair:4   | Noticed a four-headed hydra
 15974 | Lair:4   | Reached skill level 10 in Dodging
 16122 | Lair:4   | Killed a four-headed hydra
 16489 | Lair:5   | You fall through a shaft!
 16489 | Lair:6   | Entered Level 6 of the Lair of Beasts
 16573 | Lair:5   | Received a gift from Okawaru
 16623 | Lair:5   | Noticed a six-headed hydra
 16630 | Lair:5   | Killed a six-headed hydra
 16910 | Lair:5   | Reached skill level 10 in Fighting
 17033 | Lair:5   | Noticed a seven-headed hydra
 17040 | Lair:5   | Killed a seven-headed hydra
 17040 | Lair:5   | Reached skill level 15 in Polearms
 17040 | Lair:5   | Reached XP level 13. HP: 113/113 MP: 19/19
 17271 | Lair:5   | Received a gift from Okawaru
 18121 | Lair:6   | Received a gift from Okawaru
 18946 | Lair:6   | Noticed Supreme's ghost (journeyman FrWz)
 19746 | Lair:6   | Killed Supreme's ghost
 19818 | Lair:6   | Found a runed door.
 19846 | Lair:6   | Gained mutation: You have acidic saliva. [Yellow Draconian growth]
 19846 | Lair:6   | Reached XP level 14. HP: 112/121 MP: 20/20
 19956 | Lair:6   | Received a gift from Okawaru
 20121 | Lair:6   | Found a viscous altar of Jiyva.
 20122 | Lair:6   | Noticed an acid blob
 20122 | Lair:6   | Noticed an acid blob
 20129 | Lair:6   | Found a staircase to the Slime Pits.
 20418 | Lair:6   | Noticed an acid blob
 20432 | Lair:6   | Killed an acid blob
 20440 | Lair:6   | Killed an acid blob
 20440 | Lair:6   | Received a gift from Okawaru
 20451 | Lair:6   | Killed an acid blob
 20961 | Lair:1   | Killed Nergalle
 21393 | D:10     | Noticed a purple very ugly thing
 21401 | D:10     | Killed a purple very ugly thing
 21653 | D:10     | Found Nowosh's Food Boutique.
 22165 | Orc:1    | Entered Level 1 of the Orcish Mines
 22166 | Orc:1    | Noticed Erolcha
 22232 | Orc:1    | Killed Erolcha
 22377 | Orc:2    | Entered Level 2 of the Orcish Mines
 22687 | Orc:2    | Received a gift from Okawaru
 22705 | Orc:2    | Reached ****** piety under Okawaru
 22837 | Orc:2    | Reached XP level 15. HP: 129/129 MP: 18/21
 22908 | Orc:2    | Found a staircase to the Elven Halls.
 22931 | Orc:2    | Found Sionan's Food Shoppe.
 22931 | Orc:2    | Found Hafesal's Food Shop.
 22932 | Orc:2    | Found Eggilla's General Store.
 22932 | Orc:2    | Found Onidif's Jewellery Shoppe.
 23031 | Orc:2    | Bought a scroll of enchant armour for 90 gold pieces
 23535 | Orc:1    | Received a gift from Okawaru
 23882 | D:11     | Found Buwk's Assorted Antiques.
 24802 | D:12     | Entered Level 12 of the Dungeon
 25214 | D:12     | Found a gate to the Vaults.
 25383 | D:12     | Found a staircase to the Depths.
 25753 | D:12     | Learned a level 1 spell: Apportation
 25997 | D:4      | Bought a potion of experience for 650 gold pieces
 25997 | D:4      | Bought a potion of berserk rage for 65 gold pieces
 25997 | D:4      | Reached XP level 16. HP: 139/139 MP: 22/22
 26004 | D:4      | Bought 2 potions of curing for 78 gold pieces
 26004 | D:4      | Bought a potion of curing for 39 gold pieces
 26004 | D:4      | Bought a potion of curing for 39 gold pieces
 26320 | Snake:1  | Entered Level 1 of the Snake Pit
 26864 | Snake:1  | Noticed Aizul
 26885 | Snake:1  | Killed Aizul
 27415 | Snake:1  | You fall through a shaft!
 27415 | Snake:2  | Found a frozen archway.
 27467 | Snake:2  | Received a gift from Okawaru
 27606 | IceCv    | Entered an ice cave
 28227 | IceCv    | Noticed an Ice Fiend
 28244 | IceCv    | Killed an Ice Fiend
 28340 | IceCv    | Noticed an Ice Fiend
 28359 | IceCv    | Killed an Ice Fiend
 28952 | Snake:2  | Reached XP level 17. HP: 117/149 MP: 23/23
 30220 | Snake:2  | Identified the Almanac of Harmful Companions
 30441 | Snake:2  | Noticed Kirke
 30451 | Snake:2  | Killed Kirke
 30451 | Snake:2  | Received a gift from Okawaru
 31122 | Snake:3  | Entered Level 3 of the Snake Pit
 31389 | Snake:3  | Noticed Vashnia
 31796 | Snake:3  | Found Sidinne's Magic Scroll Boutique.
 33132 | Snake:3  | Received a gift from Okawaru
 33305 | Snake:2  | Identified a +2 pair of boots of running (Okawaru gifted it to you on level 3 of the Snake Pit)
 33462 | Snake:3  | Killed Vashnia
 33462 | Snake:3  | Reached skill level 15 in Dodging
 33851 | Snake:3  | Found Keol's Food Boutique.
 34136 | Snake:3  | Found Rathreole's Magic Scroll Emporium.
 34146 | Snake:3  | Bought a scroll of fog for 34 gold pieces
 34216 | Snake:3  | Found Rizucwak's Gadget Shop.
 34332 | Snake:3  | Found Okkaos's Magic Scroll Emporium.
 34457 | Snake:3  | Reached XP level 18. HP: 132/160 MP: 19/24
 34839 | Snake:3  | Received a gift from Okawaru
 35223 | Snake:3  | Got a serpentine rune of Zot
 35494 | Snake:3  | Bought a scroll of acquirement for 780 gold pieces
 35495 | Snake:3  | Got a translucent hat
 35506 | Snake:3  | Identified the +3 hat of the Eternal Fruit {rElec rPois Str-5} (You acquired it on level 3 of the Snake Pit)
 35670 | Shoals:1 | Entered Level 1 of the Shoals
 35799 | Shoals:1 | Reached skill level 15 in Fighting
 36623 | Shoals:1 | Found Daam's Assorted Antiques.
 36843 | Shoals:1 | Received a gift from Okawaru
 36858 | Shoals:1 | Got a smoking cloak {god gift}
 36869 | Shoals:1 | Identified the +2 cloak "Umadirav" {rN+} (Okawaru gifted it to you on level 1 of the Shoals)
 37299 | Shoals:2 | Noticed Louise
 37330 | Shoals:3 | Entered Level 3 of the Shoals
 37330 | Shoals:3 | Noticed Polyphemus
 37473 | Shoals:3 | Killed Polyphemus
 37657 | Shoals:3 | Got a pair of distressingly furry boots
 37668 | Shoals:3 | Identified the +1 pair of boots "Nemiup" {rF+ rN+++ Dex-4 Stlth+} (You found it on level 3 of the Shoals)
 38247 | Shoals:3 | Noticed Ilsuiw
 38623 | Shoals:2 | Killed Ilsuiw
 39263 | Shoals:3 | Reached XP level 19. HP: 174/174 MP: 25/25
 39354 | Shoals:3 | Received a gift from Okawaru
 39409 | Shoals:3 | Got a barnacled rune of Zot
 39579 | Shoals:3 | Identified the Volume of Harmful Venom
 40494 | Vaults:1 | Entered Level 1 of the Vaults
 40604 | Vaults:1 | Received a gift from Okawaru
 41732 | Vaults:1 | Received a gift from Okawaru
 42905 | Vaults:2 | Received a gift from Okawaru
 43665 | Vaults:2 | Reached XP level 20. HP: 135/187 MP: 19/26
 44141 | Vaults:2 | Found Guitedet's Weapon Emporium.
 45262 | Vaults:3 | Received a gift from Okawaru
 45292 | Vaults:3 | Noticed Sojobo
 46246 | Vaults:3 | Noticed Mennas
 46268 | Vaults:3 | Noticed Donald
 46281 | Vaults:3 | Killed Donald
 47307 | Vaults:3 | Noticed Jory
 47985 | Vaults:4 | Received a gift from Okawaru
 48142 | Vaults:4 | Found Inin's General Store.
 48150 | Vaults:4 | Bought 2 potions of heal wounds for 170 gold pieces
 48503 | Depths:1 | Entered Level 1 of the Depths
 48517 | Depths:1 | Reached XP level 21. HP: 201/201 MP: 19/27
 49396 | D:12     | Received a gift from Okawaru
 49397 | D:12     | Found the +3 warlock's mirror {reflect}
 49522 | Depths:1 | Found a one-way gate leading to the halls of Pandemonium.
 49709 | Depths:1 | Learned a level 3 spell: Regeneration
 49713 | Depths:1 | Learned a level 3 spell: Spectral Weapon
 50050 | Depths:1 | Reached skill level 1 in Necromancy
 50175 | Depths:1 | Reached skill level 1 in Spellcasting
 50179 | Depths:1 | Reached skill level 1 in Charms
 50229 | Depths:1 | Reached skill level 1 in Hexes
 50393 | Depths:1 | Found a one-way gate to the infinite horrors of the Abyss.
 50766 | Depths:2 | fuck this vault
 50799 | Depths:3 | Found a gateway to a ziggurat.
 50868 | Depths:3 | Received a gift from Okawaru
 51115 | Depths:3 | Received a gift from Okawaru
 51234 | Depths:3 | Found a gateway to Hell.
 51629 | Depths:3 | Noticed Mara
 51719 | Depths:3 | Received a gift from Okawaru
 53046 | Depths:4 | Noticed a golden dragon
 53071 | Depths:4 | Killed a golden dragon
 53334 | Depths:4 | Received a gift from Okawaru
 53334 | Depths:4 | Reached XP level 22. HP: 203/210 MP: 28/28
 53348 | Depths:4 | Identified the +3 pair of gloves of Lulavuh {-Tele *Contam rPois MR+++} (Okawaru gifted it to you on level 4 of the Depths)
 53828 | Depths:4 | Noticed a caustic shrike
 53837 | Depths:4 | Mangled by a white very ugly thing

Skill      XL: |  1  2  3  4  5  6  7  8  9 10 11 12 13 14 15 16 17 18 19 20 21 |
---------------+----------------------------------------------------------------+-----
Dodging        | 3 4 6 7 8 9 10 12 13 15 16 18 19 21 | 21.3
Fighting       | 2 3 4 6 7 8 10 11 12 13 14 16 18 20 | 20.7
Polearms       | 3 4 6 7 8 10 11 12 14 15 17 18 19 21 | 21.0
Invocations    | 3 6 8 |  8.0
Evocations     | 3 5 |  5.1
Necromancy     | 4 |  4.0
Spellcasting   | 3 |  3.0
Charms         | 4 |  4.0
Hexes          | 4 |  4.0
Stealth        | |  2.6

Action                   |  1- 3 |  4- 6 |  7- 9 | 10-12 | 13-15 | 16-18 | 19-21 | 22-24 || total
-------------------------+-------+-------+-------+-------+-------+-------+-------+-------++-------
Melee: Unarmed           |    26 |       |       |     6 |       |       |       |       ||    32
       Dagger            |   106 |   190 |       |       |       |       |       |       ||   296
       Tailslap          |    12 |    20 |    27 |    65 |   122 |   134 |   353 |    14 ||   747
       Scythe            |       |    36 |   293 |   641 |   952 |  1471 |  2015 |   105 ||  5513
       Bite              |       |       |       |       |    59 |    93 |   277 |    22 ||   451
 Fire: Blowgun           |       |    42 |       |       |       |       |       |       ||    42
Throw: Stone             |    16 |    10 |     5 |    12 |       |       |       |       ||    43
       Javelin           |       |       |       |    14 |   101 |   182 |    97 |    11 ||   405
 Cast: Apportation       |       |       |       |       |     1 |       |       |       ||     1
       Confusing Touch   |       |       |       |       |     1 |       |       |       ||     1
       Spectral Weapon   |       |       |       |       |       |       |     3 |     3 ||     6
       Regeneration      |       |       |       |       |       |       |     2 |       ||     2
Invok: Heroism           |       |       |     8 |    18 |    19 |    38 |    37 |     3 ||   123
       Finesse           |       |       |       |     4 |     9 |    16 |    18 |       ||    47
 Abil: Breathe Acid      |       |       |     2 |     3 |     1 |       |       |       ||     6
       Evoke Invisibilit |       |       |       |       |       |     4 |       |       ||     4
Evoke: Wand              |       |       |       |    21 |    15 |    41 |    15 |       ||    92
       Phantom mirror    |       |       |       |       |       |     1 |       |       ||     1
       Lamp of fire      |       |       |       |       |       |       |     1 |       ||     1
  Use: Scroll            |     4 |     3 |    13 |     2 |    10 |     7 |    16 |     3 ||    58
       Potion            |       |       |     5 |     2 |     1 |    13 |     1 |       ||    22
 Stab: Sleeping          |     8 |     3 |    10 |     9 |     2 |     3 |    11 |       ||    46
       Distracted        |       |       |     1 |     1 |     3 |     2 |     2 |       ||     9
       Invisible         |       |       |     2 |       |       |    24 |       |       ||    26
       Paralysed         |       |       |       |       |     8 |     8 |    12 |       ||    28
  Eat: Chunk             |     2 |     6 |    13 |    21 |    24 |    15 |    37 |     2 ||   120
       Ration            |       |       |     1 |     2 |     2 |     8 |     2 |       ||    15
Armor: Skin              |    38 |    70 |    87 |   119 |    89 |   144 |   133 |    19 ||   699
Dodge: Dodged            |    70 |   130 |   126 |   319 |   504 |   759 |  1172 |    96 ||  3176
